 Dungeon Crawl Stone Soup version 0.27.1-34-g3ba077fa99 (webtiles) character file.

Game seed: 3867584574865662931

2 Descartes the Grasshopper (level 1, -1/9 HPs)
             Began as a Felid Warper on Jan 21, 2022.
             Slain by a goblin (6 damage)
             ... on level 1 of the Dungeon.
             The game lasted 00:00:12 (63 turns).

Descartes the Grasshopper (Felid Warper)              Turns: 63, Time: 00:00:13

Health: -1/9       AC:  1    Str:  7    XL:     1   Next: 33%
Magic:  4/4        EV: 17    Int: 14    God:
Gold:   8          SH:  0    Dex: 15    Spells: 4/4 levels left
                                        Lives:  0   Deaths: 0

rFire    . . .     SeeInvis +     - Unarmed
rCold    . . .     Faith    .   (shield unavailable)
rNeg     . . .     Spirit   .   (armour unavailable)
rPois    .         Reflect  .   (helmet unavailable)
rElec    .         Harm     .   (cloak unavailable)
rCorr    .         Rampage  .   (gloves unavailable)
Will     .....                  (boots unavailable)
Stlth    ++........             (no amulet)
HPRegen  0.03/turn              (no ring)
MPRegen  0.09/turn              (no ring)

@: quick
A: very small, claws 1, fangs 3, see invisible, speed 1, shaggy fur 1, stealthy
paws, no weapons or thrown items, no armour, multi-lived
a: no special abilities


You were on level 1 of the Dungeon.
You visited 1 branch of the dungeon, and saw 1 of its levels.

You collected 8 gold pieces.

Inventory:

Scrolls
 a - a scroll of blinking
Potions
 b - a potion of might {unknown}


   Skills:
 - Level 2.0 Fighting
 - Level 3.2 Dodging
 + Level 1.3 Stealth
 - Level 2.0 Unarmed Combat
 - Level 2.0 Spellcasting
 - Level 4.4 Translocations


You had 4 spell levels left.
You didn't know any spells.
Your spell library contained the following spells:

 Spells                   Type           Power      Damage    Failure   Level
 Blink                    Tloc           N/A        N/A       6%          2
 Gell's Gravitas          Tloc           6%         N/A       12%         3
 Lesser Beckoning         Tloc           6%         N/A       12%         3
 Teleport Other           Tloc           13%        N/A       12%         3
 Manifold Assault         Tloc           13%        N/A       73%         5


Dungeon Overview and Level Annotations

Branches:
Dungeon (1/15)

Altars:


Innate Abilities, Weirdness & Mutations

You have sharp claws.
You have razor-sharp teeth.
You have supernaturally acute eyesight. (SInv)
You cover ground quickly. (Speed+)
You are covered in fur. (AC +1)
Your paws help you pounce on unaware monsters.
You are incapable of wielding weapons or throwing items.
You cannot wear armour.
You gain extra lives every three experience levels.


Message History

No target in view!
No target in view!
No target in view!
No target in view!
No target in view!
No target in view!
No target in view!
HP restored.
You see here a ball python corpse.
A ball python comes into view.
The ball python hisses angrily.
The ball python closely misses you. x2
You scratch the ball python.
You kill the ball python!
Your Stealth skill increases to level 1!
No target in view!
No target in view!
No target in view!
No target in view!
No target in view!
No target in view!
No target in view!
No target in view!
No target in view!
No target in view!
No target in view!
No target in view!
No target in view!
No target in view!
No target in view!
You now have 8 gold pieces.
b - a murky amethyst potion A goblin comes into view.
It is wielding a +2 dagger of holy wrath.
The goblin shouts!
You closely miss the goblin.
The goblin hits you with a +2 dagger of holy wrath.
You closely miss the goblin.
The goblin hits you with a +2 dagger of holy wrath.
Ouch! That really hurt!
You die...

##.#.## .###..#.#
#.#.#.#.###.#.#.#
#.#.<.#.# #.##.# .
#.#.#.#.#.##.##.#
##
#.###.#.###.#.##.#
#.# ## ## #.....#
#. ##..####
#.##.#.###
#....@..#
###.#g.......
###.....###
#.#.#.# #.....#
#.#.#... #......##
###....#


You could see a goblin.

Vanquished Creatures
  2 ball pythons (D:1)
2 creatures vanquished.

Notes
Turn   | Place    | Note
-------+----------+-------------------------------------------
     0 | D:1      | Descartes the Felid Warper began the quest for the Orb.
     0 | D:1      | Reached XP level 1. HP: 9/9 MP: 4/4
    42 | D:1      | Reached skill level 1 in Stealth
    63 | D:1      | Slain by a goblin

Illustrated notes

Levels and vault maps discovered:
D:1:      minmay_arrival_diagonal_passages, layout_loops_ring,
          shapermc_ecumenical_altar_mp_urbaneastern, serial_glass,
          glass_columns_a, glass_columns_a, glass_columns_b, glass_columns_c,
          glass_columns_a, glass_columns_a, amethyst_killhole,
          due_unseen_surprise

Skill      XL: |  1 |
---------------+----+-----
Stealth        | 1 |  1.3
Fighting       | |  2.0
Dodging        | |  3.2
Unarmed Combat | |  2.0
Spellcasting   | |  2.0
Translocations | |  4.4

Action                   || total
-------------------------++-------
Melee: Unarmed           ||     5
Dodge: Dodged            ||     5
